 Dungeon Crawl Stone Soup version 0.20-a0-540-ge6d1839 (webtiles) character file.

197520 Gorice the Impregnable (level 18, 0/151 HPs)
             Began as a Barachian Fighter on Jan 28, 2017.
             Was a High Priest of Okawaru.
             Slain by an emperor scorpion (28 damage)
             ... while paralysed
             ... on level 4 of the Spider Nest on Jan 29, 2017.
             The game lasted 03:30:30 (41001 turns).

Gorice the Impregnable (Barachian Fighter)         Turns: 41001, Time: 03:30:31

Health: 0/151      AC: 40    Str: 24 (25) XL:     18   Next: 86%
Magic:  1/25       EV:  2    Int:  6 (7)  God:    Okawaru [*****.]
Gold:   1529       SH:  0    Dex: 11      Spells: 17/17 levels left

rFire    + . .     SeeInvis +   a - +5 demon blade of Naups {vamp, rF+ rC+ Str+4}
rCold    + . .     Gourm    .   F - +3 plate armour {rN+}
rNeg     + . .     Faith    .   O - +2 buckler {AC+3}
rPois    +         Spirit   .   C - +0 helmet
rElec    .         Reflect  .   J - +2 cloak {MR+}
rCorr    .         Harm     .   U - +2 pair of gloves
MR       ++...                  c - +0 pair of boots {Fly}
Stlth    ..........             v - amulet of rage
Regen    0.4/turn               i - ring of see invisible
                                p - ring of poison resistance

@: paralysed, lethally poisoned (0 -> -41), exhausted, very slightly
contaminated, slowed, slow
A: swims, thin metallic scales 1, slowness 1, MP-powered wands, strong legs 2
a: Hop, Heroism, Finesse, Renounce Religion, Evoke Berserk Rage, Evoke Flight


You were on level 4 of the Spider Nest.
You worshipped Okawaru.
Okawaru was extremely pleased with you.
You were not hungry.

You visited 5 branches of the dungeon, and saw 28 of its levels.
You also visited: Labyrinth and Bailey.

You collected 3034 gold pieces.
You spent 1505 gold pieces at shops.

Inventory:

Hand Weapons
 a - the +5 demon blade of Naups (weapon) {vamp, rF+ rC+ Str+4}
   (You took it off a centaur warrior on level 11 of the Dungeon)

   It inflicts no extra harm, but heals its wielder when it wounds a living foe.
   It affects your strength (+4).
   It protects you from fire.
   It protects you from cold.
 b - the +8 long sword "Jiyplemn" {vamp, +Fly}
   (Okawaru gifted it to you on level 4 of the Spider Nest)

   It inflicts no extra harm, but heals its wielder when it wounds a living foe.
   It lets you fly.
 f - the +11 demon blade "Juoghe" {flame, +Inv MR- Str+4 SInv}
   (Okawaru gifted it to you on level 6 of the Lair of Beasts)

   It has been specially enchanted to burn those struck by it, causing extra
   injury to most foes and up to half again as much damage against particularly
   susceptible opponents.
   Big, fiery blades are also staple armaments of hydra-hunters.
   It affects your strength (+4).
   It affects your resistance to hostile enchantments.
   It lets you see invisible.
   It lets you turn invisible.
 V - a +3 great sword of draining
   (Okawaru gifted it to you on level 4 of the Spider Nest)
Missiles
 x - 3 javelins
 M - 37 tomahawks (quivered)
 Y - 2 throwing nets
Armour
 c - a +0 pair of boots of flying (worn)
   (You bought it in a shop on level 2 of the Orcish Mines)
 C - a +0 helmet (worn)
 F - a +3 plate armour of positive energy (worn)
   (You took it off Donald on level 2 of the Orcish Mines)
 J - a +2 cloak of magic resistance (worn)
   (You took it off Nikola on level 1 of the Spider Nest)
 O - a +2 buckler of protection (worn)
   (You took it off a tengu warrior on level 14 of the Dungeon)
 U - a +2 pair of gloves (worn)
Jewellery
 i - a ring of see invisible (right hand)
 m - an uncursed ring of protection from magic
 p - a ring of poison resistance (left hand)
 r - an uncursed ring of protection from fire
 v - an amulet of rage (around neck)
 y - an uncursed ring of protection from cold
 E - an uncursed ring of positive energy
 P - a +5 ring of protection
 T - an uncursed ring of positive energy
Wands
 d - a wand of enslavement (12/24)
 w - a wand of acid (9/15)
 z - a wand of clouds (7/9)
 A - a wand of iceblast (5/15)
 D - a wand of acid (1/15)
 X - a wand of confusion (33/48)
 Z - a wand of paralysis (10/24)
Scrolls
 o - 8 scrolls of teleportation {!r}
 q - a scroll of fear {!r}
 s - 2 scrolls of blinking
 t - a scroll of summoning {!r}
 G - 2 scrolls of enchant weapon
 H - 3 scrolls of remove curse
 K - 20 scrolls of identify
 R - a scroll of fog
Potions
 g - a potion of magic {!q}
 h - a potion of invisibility {!q}
 k - 7 potions of might {!q}
 l - 12 potions of heal wounds {!q}
 u - 4 potions of agility {!q}
 I - 4 potions of haste {!q}
 L - 3 potions of cancellation {!q}
 Q - 10 potions of curing
Books
 N - a book of Ice
Miscellaneous
 j - a sack of spiders
Comestibles
 e - 10 bread rations {!e}
 n - 25 fruits
 B - a chunk of flesh
 S - a meat ration {!e}


   Skills:
 - Level 16.0 Fighting
 - Level 14.3 Long Blades
 * Level 8.4 Throwing
 - Level 22.1 Armour
 + Level 6.2 Dodging
 - Level 4.0 Shields
 - Level 10.0 Invocations


You had 17 spell levels left.
You didn't know any spells.

Dungeon Overview and Level Annotations

Branches:
Dungeon (15/15)            Temple (1/1) D:5            Lair (6/6) D:8
 Shoals (0/4) Lair:3       Spider (4/4) Lair:4        Slime (0/5) Lair:5
    Orc (2/2) D:12            Elf (0/3) Orc:2        Vaults (0/5) D:14
 Depths (0/5) D:15

Altars:
Ashenzari
Cheibriados
Dithmenos
Elyvilon
Fedhas
Gozag
Hepliaklqana
Kikubaaqudgha
Makhleb
Nemelex Xobeh
Okawaru
Qazlal
Ru
Sif Muna
Trog
Uskayaw
Vehumet
Xom
Yredelemnul
Zin
The Shining One
Beogh

Shops:
D:14 *   Orc:1 =   Orc:2 *=[(

Annotations:
D:6 Prince Ribbit
D:10 exclusion: ice statue
D:12 exclusion: ice statue
D:13 exclusion: oklob plant
Spider:3 exclusion: Roxanne, Roxanne


Innate Abilities, Weirdness & Mutations

You can swim through water.
You cover ground slowly.
You can hop longer distances.
You are partially covered in thin metallic scales. (AC +2)
You expend magic power (3 MP) to strengthen your wands.


Message History

You closely miss the emperor scorpion.
The emperor scorpion is moderately wounded.
You feel sick.
The emperor scorpion closely misses you.
You block the emperor scorpion's attack.
The emperor scorpion claws you but does no damage.
The emperor scorpion stings you but does no damage.
You block the emperor scorpion's attack.
The emperor scorpion claws you!
Damage: 13 (max 18)
You feel very sick.
The emperor scorpion stings you but does no damage.
The emperor scorpion claws you but does no damage.
The emperor scorpion claws you!
Damage: 13 (max 18) Unknown command.
You feel a strong urge to attack something.
You feel very sick.
The emperor scorpion closely misses you.
You riposte.
You slice the emperor scorpion!!
The emperor scorpion is heavily wounded.
The emperor scorpion misses you. x2
Damage: 3 (max 18)
You are too berserk!
You are no longer berserk.
You pass out from exhaustion.
You feel yourself slow down.
You feel very sick. The ghost moth stares at you.
You feel your power leaking away.
You feel very sick.
The emperor scorpion stings you but does no damage.
The emperor scorpion claws you!
* * * LOW HITPOINT WARNING * * *
The emperor scorpion claws you.
* * * LOW HITPOINT WARNING * * *
The emperor scorpion stings you but does no damage.
The emperor scorpion claws you but does no damage.
The emperor scorpion claws you!
* * * LOW HITPOINT WARNING * * *
The emperor scorpion stings you.
* * * LOW HITPOINT WARNING * * *
The emperor scorpion claws you but does no damage. x2
The emperor scorpion stings you!!
* * * LOW HITPOINT WARNING * * *
The emperor scorpion claws you but does no damage. x2
* * * LOW HITPOINT WARNING * * *
You feel very sick. The emperor scorpion stings you!!
You die...

###≈≈#######.....#####
#^..≈≈≈#.........≈≈..###
##..≈≈≈...^##≈.##†^..≈≈######
##.##...≈###..##.†#...≈#≈≈≈#####
###....## #≈..#####....≈†≈≈≈..#
#...≈#####.^#####....≈##≈.^.#
##^..###..#'†#..###.≈...####.#
##..≈## #.†.##...# ###...######
#...#####..yys@..# ##≈.≈.##
#.%.#..##...ys...+ #≈....##
###..≈≈≈.########### ####≈...≈#
#.≈.≈≈≈≈^############ #..≈≈≈≈..##
...÷##..###....##..≈###..^###≈...
....#####≈≈.....≈.....##.## ##...
#...# ###.†.#..........### ###≈..
≈..≈###....##.....##≈..#####≈....
#...†#†...####....##....##....≈.#


You could see 2 emperor scorpions, a ghost moth (invisible) and 2 hornets.

Vanquished Creatures
  Saint Roka (Orc:1)
  Nikola (Spider:1)
  Donald (Orc:2)
  4 ghost moths
  An orc warlord (Orc:2)
  5 emperor scorpions
  An entropy weaver (Spider:2)
  Nessos (Lair:4)
  An ogre mage (D:14)
  A minotaur (Lab)
  A catoblepas (Lair:5)
  9 centaur warriors
  12 hydras
  7 two-headed ogres
  5 death yaks (Lair:5)
  2 orc high priests
  2 tengu warriors (D:14)
  A deep elf knight (D:11)
  Nergalle (Orc:1)
  Sonja (D:14)
  An unseen horror (D:15)
  A deep troll (shapeshifter) (D:15)
  A skeletal warrior (D:14)
  A deep elf archer (D:11)
  9 orc knights
  An obsidian statue (D:10)
  20 orb spiders
  12 ugly things
  A deep elf mage (D:15)
  An orc sorcerer (Orc:2)
  32 wolf spiders
  3 cyclopes
  5 manticores
  2 moths of wrath
  Maurice (Orc:2)
  15 black mambas
  A guardian serpent (Lair:6)
  A merfolk siren (Lair:3)
  16 spiny frogs
  2 torpor snails
  A spiny frog (shapeshifter) (D:14)
  5 yaktaurs (D:15)
  A freezing wraith (D:14)
  6 komodo dragons
  A gargoyle (D:12)
  5 rime drakes
  An efreet (D:15)
  15 demonic crawlers
  36 jumping spiders
  A queen bee (D:14)
  5 trolls
  6 meliai (D:14)
  2 polar bears
  12 hornets
  A wind drake (shapeshifter) (D:15)
  8 blink frogs
  14 hippogriffs
  14 dream sheep
  A meliai zombie (D:14)
  A blink frog (shapeshifter) (D:15)
  22 slime creatures
  82 redbacks
  A shadow (D:14)
  A spriggan (Lair:4)
  A tarantella (shapeshifter) (D:13)
  36 tarantellas
  14 wyverns
  A steam dragon (D:8)
  32 yaks
  A vampire (D:15)
  A human (shapeshifter) (D:15)
  A basilisk (shapeshifter) (D:15)
  8 basilisks
  A hungry ghost (D:14)
  4 vampire mosquitoes
  9 wargs
  2 soldier ants (D:9)
  23 water moccasins
  6 porcupines
  62 orc warriors
  4 sky beasts
  2 black bears
  6 ice beasts
  A meliai simulacrum (D:14)
  A necrophage (D:5)
  A hornet zombie (D:9)
  3 eyes of draining
  6 phantoms
  22 centaurs
  14 ogres
  13 wolves
  4 boggarts
  12 crocodiles
  Blork the orc (D:6)
  5 big kobolds
  17 bullfrogs
  3 wyvern zombies
  3 wyvern skeletons (D:14)
  8 scorpions
  31 killer bees
  7 wights
  9 electric eels
  3 howler monkeys
  7 crimson imps
  The ghost of Tux the Digger, a weakling GrEE (D:3)
  A quasit (D:14)
  3 bullfrog zombies
  3 centaur zombies
  3 hounds
  31 orc priests
  8 jellies
  5 bullfrog skeletons
  A gnoll shaman (D:8)
  7 centaur skeletons
  Ijyb (D:3)
  4 iguanas
  Natasha (twice) (D:3)
  23 orc wizards
  15 worker ants
  A hound zombie (D:7)
  A worker ant zombie (D:7)
  Robin (D:2)
  3 gnolls
  20 adders
  4 oozes
  2 adder skeletons
  2 adder zombies
  A worm (D:2)
  2 dart slugs
  5 leopard geckos
  138 orcs
  5 giant cockroaches
  16 goblins
  9 hobgoblins
  16 jackals
  14 kobolds
  8 quokkas
  6 bats
  3 frilled lizards
  2 jackal skeletons (D:4)
  A jackal zombie (D:9)
  4 rats
  A fungus (Lair:5)
  3 plants (Lair:4)
1187 creatures vanquished.

Vanquished Creatures (collateral kills)
  3 yaks (Lair:6)
3 creatures vanquished.

Vanquished Creatures (others)
  A wolf spider (Spider:1)
  2 redbacks
  An ooze (Lair:4)
  A goblin (D:3)
  A bush (Lair:6)
  49 fungi
  50 plants
105 creatures vanquished.

Grand Total: 1295 creatures vanquished

Notes
Turn   | Place    | Note
-------+----------+-------------------------------------------
     0 | D:1      | Gorice the Barachian Fighter began the quest for the Orb.
     0 | D:1      | Reached XP level 1. HP: 18/18 MP: 1/1
   214 | D:1      | Reached XP level 2. HP: 18/24 MP: 2/2
   548 | D:1      | Reached skill level 3 in Long Blades
   910 | D:2      | Reached XP level 3. HP: 29/29 MP: 3/3
  1494 | D:3      | Reached skill level 4 in Armour
  1525 | D:2      | Reached XP level 4. HP: 35/35 MP: 4/4
  1537 | D:2      | Reached skill level 4 in Long Blades
  1717 | D:3      | Noticed Tux's ghost (weakling GrEE)
  1754 | D:3      | Killed Tux's ghost
  1937 | D:3      | Reached XP level 5. HP: 23/41 MP: 5/5
  2209 | D:3      | Noticed Ijyb
  2224 | D:3      | Killed Ijyb
  2267 | D:3      | Noticed Natasha
  2280 | D:3      | HP: 10/41 [Natasha (7)]
  2282 | D:3      | Killed Natasha
  2282 | D:3      | Reached skill level 5 in Long Blades
  2590 | D:3      | Noticed Robin
  2650 | D:2      | Killed Robin
  2849 | D:3      | Noticed Natasha
  2863 | D:3      | Killed Natasha
  2863 | D:3      | Reached XP level 6. HP: 41/47 MP: 6/6
  3075 | D:3      | Noticed a phantom
  3142 | D:3      | Killed a phantom
  3142 | D:3      | Reached skill level 6 in Long Blades
  3142 | D:3      | Reached skill level 5 in Armour
  3401 | D:4      | HP: 11/47 [ogre/giant club (16)]
  3409 | D:4      | Reached XP level 7. HP: 14/52 MP: 7/7
  3411 | D:4      | HP: 11/52 [worker ant (3)]
  3416 | D:4      | HP: 8/52 [poisoned by a worker ant]
  3441 | D:4      | HP: 13/52 [bullfrog skeleton (5)]
  3448 | D:4      | HP: 12/52 [bullfrog skeleton (1)]
  3841 | D:4      | Reached skill level 7 in Long Blades
  3987 | D:4      | Found a glowing golden altar of the Shining One.
  4019 | D:4      | Reached skill level 6 in Armour
  4462 | D:5      | Entered Level 5 of the Dungeon
  4470 | D:5      | Reached skill level 8 in Long Blades
  4496 | D:5      | HP: 12/51 [ogre/giant club (12)]
  4497 | D:5      | Reached XP level 8. HP: 13/57 MP: 8/8
  4899 | D:5      | Reached skill level 7 in Armour
  5147 | D:5      | Reached skill level 9 in Long Blades
  5446 | D:5      | HP: 8/57 [ice beast (12)]
  5448 | D:5      | HP: 2/57 [ice beast (5)]
  6447 | D:6      | Reached skill level 10 in Long Blades
  6447 | D:6      | Reached XP level 9. HP: 62/64 MP: 9/9
  6614 | D:6      | Reached skill level 8 in Armour
  6670 | D:6      | Noticed Blork the orc
  6680 | D:6      | Killed Blork the orc
  6732 | D:6      | Found a white marble altar of Elyvilon.
  7140 | D:7      | Noticed Prince Ribbit
  7727 | D:7      | Reached skill level 11 in Long Blades
  7821 | D:7      | HP: 14/64 [wight/enchanted dire flail (10)]
  7831 | D:7      | Reached skill level 9 in Armour
  8182 | D:7      | HP: 17/64 [orc priest/divine providence (13)]
  8183 | D:7      | HP: 5/64 [orc priest/divine providence (12)]
  8189 | D:7      | HP: 12/64 [orc warrior/hand axe (12)]
  8195 | D:7      | HP: 10/64 [orc wizard/dagger (3)]
  8202 | D:7      | Reached skill level 12 in Long Blades
  8985 | D:8      | Reached XP level 10. HP: 69/70 MP: 10/10
  9234 | D:8      | Found a staircase to the Lair.
  9616 | D:7      | Reached skill level 10 in Armour
 10079 | D:5      | Found a staircase to the Ecumenical Temple.
 10088 | Temple   | Entered the Ecumenical Temple
 11097 | D:9      | Reached skill level 13 in Long Blades
 11178 | D:9      | Reached skill level 11 in Armour
 11217 | D:9      | HP: 21/70 [troll (1)]
 11228 | D:9      | HP: 16/70 [phantom (5)]
 11474 | D:9      | Noticed a two-headed ogre
 11710 | D:9      | Reached XP level 11. HP: 72/75 MP: 11/11
 11773 | D:9      | Killed a two-headed ogre
 12113 | D:9      | Reached skill level 12 in Armour
 12136 | D:9      | Reached skill level 14 in Long Blades
 12146 | D:9      | HP: 22/75 [yak (11)]
 12159 | D:9      | HP: 21/75 [yak (3)]
 12165 | D:9      | HP: 12/75 [yak (3)]
 12490 | D:9      | Found a sacrificial altar of Ru.
 12492 | D:9      | Found a shadowy altar of Dithmenos.
 12492 | D:9      | Found an iron altar of Okawaru.
 12499 | D:9      | Became a worshipper of Warmaster Okawaru
 12597 | D:8      | Identified a scroll of acquirement
 12616 | Lair:1   | Entered Level 1 of the Lair of Beasts
 13071 | Lair:1   | Got an ancient falchion
 13102 | Lair:1   | Reached * piety under Okawaru
 13238 | Lair:1   | Reached skill level 4 in Fighting
 13267 | Lair:1   | Identified the cursed +1 falchion "Undertaker" {drain, rF- rC+ rN+ Int+4} (You found it on level 1 of the Lair of Beasts)
 14059 | Lair:2   | Reached skill level 1 in Invocations
 14371 | Lair:2   | Reached skill level 2 in Invocations
 14883 | Lair:3   | Reached skill level 5 in Fighting
 14947 | Lair:3   | Noticed a five-headed hydra
 14968 | Lair:2   | Reached ** piety under Okawaru
 14968 | Lair:2   | Reached skill level 13 in Armour
 15463 | Lair:3   | Found a staircase to the Shoals.
 15482 | Lair:3   | Reached skill level 6 in Fighting
 15551 | Lair:3   | Reached XP level 12. HP: 82/88 MP: 13/13
 15605 | Lair:3   | Noticed a five-headed hydra
 15784 | Lair:3   | Killed a five-headed hydra
 15784 | Lair:3   | Reached *** piety under Okawaru
 15784 | Lair:3   | Reached skill level 7 in Fighting
 16355 | Lair:4   | Found a hole to the Spider Nest.
 16977 | Lair:4   | Noticed Nessos
 16989 | Lair:4   | Killed Nessos
 16989 | Lair:4   | Reached skill level 14 in Armour
 17173 | Lair:4   | Reached skill level 8 in Fighting
 17853 | Lair:5   | Found a staircase to the Slime Pits.
 17919 | Lair:5   | You fall through a shaft!
 17919 | Lair:6   | Entered Level 6 of the Lair of Beasts
 17919 | Lair:6   | Noticed a death yak
 17919 | Lair:6   | Noticed a death yak
 17919 | Lair:6   | Noticed a death yak
 17920 | Lair:6   | Noticed a death yak
 17920 | Lair:6   | Noticed a death yak
 17943 | Lair:6   | HP: 28/94 [black mamba (11)]
 17951 | Lair:6   | Reached **** piety under Okawaru
 17980 | Lair:6   | HP: 28/94 [black mamba (10)]
 17985 | Lair:6   | HP: 21/94 [poisoned by a black mamba]
 17991 | Lair:6   | HP: 18/94 [poisoned by a black mamba]
 17996 | Lair:6   | HP: 16/94 [poisoned by a black mamba]
 18003 | Lair:6   | HP: 16/94 [poisoned by a black mamba]
 18011 | Lair:6   | HP: 16/94 [poisoned by a black mamba]
 18206 | Lair:6   | Reached skill level 9 in Fighting
 18522 | Lair:6   | HP: 27/95 [komodo dragon (16)]
 18527 | Lair:6   | HP: 11/96 [poisoned by a wolf spider]
 18564 | Lair:6   | HP: 28/97 [poisoned by a wolf spider]
 18569 | Lair:6   | HP: 21/97 [poisoned by a wolf spider]
 18574 | Lair:6   | HP: 17/97 [poisoned by a wolf spider]
 18579 | Lair:6   | HP: 15/97 [poisoned by a wolf spider]
 18585 | Lair:6   | HP: 13/97 [poisoned by a wolf spider]
 18591 | Lair:6   | HP: 13/97 [poisoned by a wolf spider]
 18618 | Lair:6   | HP: 28/97 [black mamba (9)]
 18622 | Lair:6   | HP: 12/97 [black mamba (11)]
 18627 | Lair:6   | HP: 22/97 [poisoned by a black mamba]
 18632 | Lair:6   | HP: 25/97 [poisoned by a black mamba]
 18637 | Lair:6   | Reached skill level 15 in Armour
 18638 | Lair:6   | HP: 24/97 [poisoned by a black mamba]
 18646 | Lair:6   | HP: 23/97 [poisoned by a black mamba]
 18652 | Lair:6   | HP: 23/97 [poisoned by a black mamba]
 18657 | Lair:5   | HP: 21/97 [wolf (4)]
 18659 | Lair:5   | HP: 9/97 [wolf (7)]
 18670 | Lair:5   | HP: 9/97 [polar bear (3)]
 18671 | Lair:5   | Reached skill level 10 in Fighting
 18671 | Lair:5   | Gained mutation: You can hop longer distances. [Barachian growth]
 18671 | Lair:5   | Reached XP level 13. HP: 10/103 MP: 11/14
 18690 | Lair:5   | HP: 14/103 [ooze (1)]
 19079 | D:10     | Entered Level 10 of the Dungeon
 20457 | D:11     | Reached ***** piety under Okawaru
 21110 | D:11     | Reached skill level 11 in Fighting
 21429 | D:11     | Reached skill level 3 in Invocations
 21439 | D:11     | Got an uncursed fine demon blade {vamp}
 21443 | D:11     | Identified the +5 demon blade of Naups {vamp, rF+ rC+ Str+4} (You took it off a centaur warrior on level 11 of the Dungeon)
 21626 | D:11     | Got a translucent great sword {antimagic}
 21778 | D:11     | Found an iron altar of Okawaru.
 22082 | D:11     | Got a heavily runed hat
 22241 | D:11     | Received a gift from Okawaru
 22241 | D:11     | Reached skill level 4 in Invocations
 22547 | D:12     | Reached skill level 16 in Armour
 22669 | D:12     | Reached skill level 5 in Invocations
 22697 | D:12     | Found a shattered altar of Ashenzari.
 22847 | D:12     | Found a staircase to the Orcish Mines.
 23253 | Orc:1    | Entered Level 1 of the Orcish Mines
 23444 | Orc:2    | Entered Level 2 of the Orcish Mines
 23451 | Orc:2    | Noticed Maurice
 23526 | Orc:2    | Killed Maurice
 23723 | Orc:2    | Noticed Saint Roka
 24032 | D:11     | Reached skill level 6 in Invocations
 24037 | D:11     | Reached skill level 12 in Fighting
 24350 | Lair:4   | Reached XP level 14. HP: 115/115 MP: 18/18
 24746 | Lair:4   | Received a gift from Okawaru
 24793 | Lair:5   | Reached skill level 7 in Invocations
 25920 | Lair:5   | Reached skill level 8 in Invocations
 25953 | Lair:5   | Reached skill level 13 in Fighting
 26015 | Lair:6   | Received a gift from Okawaru
 26016 | Lair:6   | Got a blackened demon blade {god gift}
 26021 | Lair:5   | Identified the +11 demon blade "Juoghe" {flame, +Inv MR- Str+4 SInv} (Okawaru gifted it to you on level 6 of the Lair of Beasts)
 26099 | Lair:6   | Reached skill level 17 in Armour
 26307 | Lair:6   | Reached skill level 9 in Invocations
 26973 | Lair:6   | Received a gift from Okawaru
 27019 | Lair:6   | Reached XP level 15. HP: 124/124 MP: 22/22
 27302 | Lair:1   | Identified the +1 hat of Gadullas {MP+9} (You found it on level 11 of the Dungeon)
 27304 | Lair:1   | Identified the +1 great sword of Shrieking Terror {antimagic, rElec rF+++ MR- Int-4} (You took it off an orc warrior on level 11 of the Dungeon)
 27474 | D:13     | Reached ****** piety under Okawaru
 27502 | D:13     | Received a gift from Okawaru
 27712 | D:13     | Reached skill level 14 in Fighting
 27712 | D:13     | Reached XP level 16. HP: 134/134 MP: 23/23
 27790 | D:13     | Reached skill level 15 in Fighting
 27812 | D:13     | Reached skill level 10 in Invocations
 28153 | D:13     | Found a blossoming altar of Fedhas.
 28279 | D:14     | Found a basalt altar of Yredelemnul.
 28356 | D:14     | Found a flagged portal.
 28377 | Bailey   | Entered a bailey
 28895 | D:14     | Noticed Sonja
 28906 | D:14     | Killed Sonja
 29687 | D:14     | Reached skill level 18 in Armour
 30144 | D:14     | Reached skill level 16 in Fighting
 30320 | D:14     | Found a gate to the Vaults.
 30371 | D:14     | Found Onetzid's Assorted Antiques.
 30904 | Orc:2    | Noticed Nergalle
 31105 | Orc:1    | Killed Nergalle
 31204 | Orc:1    | HP: 39/138 [orc warrior/short sword (17)]
 31210 | Orc:1    | HP: 25/138 [orc warrior/short sword (18)]
 31217 | Orc:1    | Killed Saint Roka
 31217 | Orc:1    | Received a gift from Okawaru
 31217 | Orc:1    | Reached skill level 19 in Armour
 31598 | Orc:2    | Gained mutation: You expend magic power (3 MP) to strengthen your wands. [a neqoxec]
 31600 | Orc:2    | Gained mutation: You are partially covered in thin metallic scales. (AC +2) [a neqoxec]
 31717 | Orc:2    | Found a staircase to the Elven Halls.
 31733 | Orc:2    | Noticed Donald
 31737 | Orc:2    | Found a roughly hewn altar of Beogh.
 31744 | Orc:2    | Killed Donald
 31750 | Orc:2    | Found Varch's General Store.
 31758 | Orc:2    | Reached XP level 17. HP: 144/144 MP: 24/24
 31832 | Orc:2    | Found Peprish's Antique Weapon Emporium.
 32306 | Orc:1    | Found Zavuwet's Jewellery Emporium.
 32469 | Orc:2    | Found Nexi's Antique Armour Emporium.
 32662 | Orc:2    | Found Udokadij's Jewellery Emporium.
 32668 | Orc:2    | Bought an uncursed ring of see invisible for 270 gold pieces
 32852 | Orc:2    | Bought a pair of embroidered boots for 315 gold pieces
 32881 | Orc:2    | Bought a runed great sword for 275 gold pieces
 32897 | Orc:2    | Bought an uncursed ring of poison resistance for 360 gold pieces
 33143 | D:15     | Entered Level 15 of the Dungeon
 33202 | D:15     | Reached skill level 20 in Armour
 33289 | D:15     | Found a labyrinth entrance.
 33298 | Lab      | Entered a labyrinth
 33409 | Lab      | Identified the Catalogue of Stones and Arcane Weapons
 33409 | Lab      | Identified the Almanac of Destructive Transmigration
 33500 | D:15     | Received a gift from Okawaru
 33679 | D:15     | Found an opulent altar of Gozag.
 33890 | D:15     | Found a staircase to the Depths.
 34224 | Lair:1   | Upgraded the game from 0.20-a0-537-g052e6ba to 0.20-a0-540-ge6d1839
 34340 | Spider:1 | Entered Level 1 of the Spider Nest
 34393 | Lair:4   | HP: 43/144 [poisoned by a redback]
 34399 | Lair:4   | HP: 41/144 [poisoned by a redback]
 34405 | Lair:4   | HP: 40/144 [poisoned by a redback]
 34410 | Lair:4   | HP: 40/144 [poisoned by a redback]
 34418 | Lair:4   | HP: 41/144 [poisoned by a redback]
 34967 | Lair:4   | Reached skill level 21 in Armour
 35289 | Spider:1 | Received a gift from Okawaru
 35645 | Spider:1 | Noticed Nikola
 35688 | Spider:1 | Killed Nikola
 35871 | Spider:2 | Reached skill level 4 in Shields
 36299 | Spider:2 | Reached skill level 22 in Armour
 36309 | Spider:2 | Reached XP level 18. HP: 151/151 MP: 10/25
 36401 | Spider:1 | Reached skill level 1 in Throwing
 36511 | Spider:1 | Reached skill level 1 in Dodging
 36679 | Spider:1 | Reached skill level 2 in Throwing
 36718 | Spider:2 | Reached skill level 2 in Dodging
 37098 | Spider:2 | Reached skill level 3 in Throwing
 37172 | Spider:2 | Received a gift from Okawaru
 37213 | Spider:2 | Got a slimy demon blade {god gift}
 37214 | Spider:2 | Identified the +2 demon blade "Gunichid" {elec, *Rage rElec rF+ Dex+4} (Okawaru gifted it to you on level 2 of the Spider Nest)
 37284 | Lair:4   | Reached skill level 3 in Dodging
 37677 | Spider:2 | Reached skill level 4 in Throwing
 37856 | Spider:3 | Noticed Roxanne
 38212 | Spider:3 | Reached skill level 5 in Throwing
 38276 | Spider:3 | Reached skill level 4 in Dodging
 38767 | Spider:3 | Reached skill level 6 in Throwing
 39258 | Orc:2    | Bought a shimmering chain mail for 285 gold pieces
 39259 | Orc:2    | Identified the cursed +1 chain mail "Nesk" {Dex+6} (You bought it in a shop on level 2 of the Orcish Mines)
 39557 | Spider:4 | Entered Level 4 of the Spider Nest
 39643 | Spider:4 | Received a gift from Okawaru
 39676 | Spider:4 | Got a twisted long sword {god gift}
 39684 | Spider:4 | Identified the +8 long sword "Jiyplemn" {vamp, +Fly} (Okawaru gifted it to you on level 4 of the Spider Nest)
 39792 | Spider:4 | Reached skill level 5 in Dodging
 39887 | Spider:4 | Reached skill level 7 in Throwing
 40774 | Spider:4 | Reached skill level 8 in Throwing
 40788 | Spider:4 | Reached skill level 6 in Dodging
 40796 | Spider:4 | Received a gift from Okawaru
 41000 | Spider:4 | HP: 31/151 [emperor scorpion (19)]
 41001 | Spider:4 | Slain by an emperor scorpion

Vault maps used:
D:1:      dpeg_arrival_shelter, patterned_corridor
D:3:      uniq_iyjb, uniq_natasha, uniq_robin
D:4:      minmay_door_path, nicolae_tso_carved_into_rock
D:5:      minmay_temple_entry_from_below_b, first_bread
D:6:      minmay_curled_crystal, elyvilon_altar_3, uniq_blork_the_orc
D:7:      uniq_prince_ribbit1
D:8:      erik_lair_orcish_takeover
D:9:      grunt_temple_overflow_diamond, hangedman_pestilent_swarm
D:10:     minmay_separated_statues, grunt_decor_one_mirror, glass_columns_a,
          lightli_minifort
D:11:     evilmike_iron_armoury
D:12:     hiddenorc2_lemuel, basic_altar, minivault_16, hex_tiny
D:13:     tgw_fedhas
D:14:     hangedman_vaults_entry_quadrant_bands, serial_shops, shop,
          yredelemnul_altar_generic, special_room, enter_bailey_3, uniq_sonja
D:15:     gammafunk_enter_depths_forms, lab_entry_generic,
          nicolae_gozag_cash_rules_everything_around_me, minmay_misc_feat_iff
Temple:   hc_temple_tempest_star
Lair:1:   serial_bayou_shore_b
Lair:3:   minmay_shoals_entry_lonely_mermaid, serial_bayou_shore_b,
          grunt_megastairs_2
Lair:4:   spider_nest_entry_web_field, wad_woods_03, infiniplex_staircase_pool,
          serial_bayou_shore_a, uniq_nessos
Lair:5:   minmay_lair_venomous_thicket, nicolae_slime_entry_slimehenge,
          special_room, enter_volcano_2
Lair:6:   hangedman_lair_tendril_chambers, portal_ice_cave_entry_pillars_2,
          disabler_island
Spider:1: uniq_nikola
Spider:2: spiders_nest_scorpion_pit, guppyfry_spider_mini_1
Spider:3: uniq_roxanne
Spider:4: spider_rune_water, hangedman_spider_mandibles
Orc:1:    serial_shops, shop
Orc:2:    grunt_orc_cross, uniq_maurice, uniq_donald
Lab:      labyrinth_watery, nicolae_lab_grate_2, lab_block,
          nicolae_lab_starburst
Bailey:   bailey_polearm_5, bailey

Skill      XL: |  1  2  3  4  5  6  7  8  9 10 11 12 13 14 15 16 17 18 |
---------------+-------------------------------------------------------+-----
Long Blades    | 3 4 5 6 8 10 12 13 14 | 14.3
Armour         | 4 5 6 7 9 11 13 15 16 17 19 22 | 22.1
Fighting       | 6 10 12 13 14 16 | 16.0
Invocations    | 2 6 9 10 | 10.0
Shields        | 4 |  4.0
Throwing       | 8 |  8.4
Dodging        | 6 |  6.2

Action                   |  1- 3 |  4- 6 |  7- 9 | 10-12 | 13-15 | 16-18 || total
-------------------------+-------+-------+-------+-------+-------+-------++-------
Melee: Long sword        |   155 |   214 |   558 |   982 |   248 |       ||  2157
       Demon blade       |       |       |       |       |   885 |  2450 ||  3335
 Fire: Blowgun           |       |       |       |       |       |     5 ||     5
Throw: Stone             |    27 |     4 |    12 |       |       |       ||    43
       Tomahawk          |       |     5 |    13 |     5 |     7 |   130 ||   160
       Javelin           |       |       |    26 |    69 |    46 |    22 ||   163
       Throwing net      |       |       |       |       |       |     1 ||     1
Invok: Heroism           |       |       |       |    14 |    21 |    31 ||    66
       Finesse           |       |       |       |       |     2 |     5 ||     7
 Abil: Hop               |       |       |     1 |     3 |     6 |     5 ||    15
       Stop Flying       |       |       |       |       |       |     1 ||     1
Evoke: Wand              |       |     1 |     1 |    10 |     8 |     2 ||    22
  Use: Scroll            |     8 |     6 |     7 |    16 |     7 |     8 ||    52
       Potion            |       |     1 |     6 |     7 |     1 |     3 ||    18
 Stab: Confused          |       |       |       |     4 |       |     1 ||     5
       Distracted        |       |       |       |     1 |       |     1 ||     2
       Invisible         |       |       |       |       |       |    14 ||    14
  Eat: Chunk             |     3 |     6 |    16 |    28 |    31 |    39 ||   123
       Meat ration       |       |       |     1 |       |       |     3 ||     4
       Bread ration      |       |       |       |     1 |     3 |     4 ||     8
       Royal jelly       |       |       |       |     1 |     1 |     1 ||     3
Armor: Chain mail        |   106 |   117 |   301 |       |       |       ||   524
       Plate armour      |       |       |    24 |   461 |   677 |  1975 ||  3137
       Skin              |       |       |       |    94 |       |       ||    94
Dodge: Dodged            |    28 |    27 |    88 |   139 |   231 |  1068 ||  1581
Block: Shield            |    67 |    98 |   212 |   343 |   456 |   319 ||  1495
       Buckler           |       |       |       |       |       |   612 ||   612
       Rpst.: Long sword |     4 |    11 |    19 |    39 |     9 |       ||    82
       Demon blade       |       |       |       |       |    46 |   231 ||   277

Table legend:
 A = Turns spent in this place as a percentage of turns spent in the entire game.
 B = Non-inter-level travel turns spent in this place as a percentage of non-inter-level travel turns spent in the entire game.
 C = Inter-level travel turns spent in this place as a percentage of turns spent in this place.
 D = Turns resting spent in this place as a percentage of non-inter-level travel turns spent in this place.
 E = Turns spent auto-exploring this place as a percentage of non-inter-level travel turns spent in this place.
 F = Non-inter-level travel turns spent in this place divided by the number of levels of this place that you've seen.
                   A       B       C       D       E      F
               +-------+-------+-------+-------+-------+----------------------
         Total | 100.0 | 100.0 |   0.6 |   2.7 |   3.6 | 547.5
       Dungeon |  47.7 |  47.7 |   0.5 |   2.4 |   4.6 | 522.3
        Temple |   0.1 |   0.1 |   5.0 |   0.0 |  94.7 |  19.0
          Lair |  21.6 |  21.5 |   1.1 |   4.0 |   3.8 | 587.8
   Spider Nest |  20.0 |  20.1 |   0.3 |   2.2 |   1.6 | 825.2
  Orcish Mines |   7.8 |   7.8 |   0.8 |   2.6 |   1.9 | 639.5
     Labyrinth |   0.5 |   0.5 |   0.0 |   3.4 |   0.0 |  88.0
        Bailey |   2.3 |   2.3 |   0.0 |   1.1 |   0.5 | 377.0
               +-------+-------+-------+-------+-------+----------------------

Vault maps used:
D:1:      dpeg_arrival_shelter, patterned_corridor
D:3:      uniq_iyjb, uniq_natasha, uniq_robin
D:4:      minmay_door_path, nicolae_tso_carved_into_rock
D:5:      minmay_temple_entry_from_below_b, first_bread
D:6:      minmay_curled_crystal, elyvilon_altar_3, uniq_blork_the_orc
D:7:      uniq_prince_ribbit1
D:8:      erik_lair_orcish_takeover
D:9:      grunt_temple_overflow_diamond, hangedman_pestilent_swarm
D:10:     minmay_separated_statues, grunt_decor_one_mirror, glass_columns_a,
          lightli_minifort
D:11:     evilmike_iron_armoury
D:12:     hiddenorc2_lemuel, basic_altar, minivault_16, hex_tiny
D:13:     tgw_fedhas
D:14:     hangedman_vaults_entry_quadrant_bands, serial_shops, shop,
          yredelemnul_altar_generic, special_room, enter_bailey_3, uniq_sonja
D:15:     gammafunk_enter_depths_forms, lab_entry_generic,
          nicolae_gozag_cash_rules_everything_around_me, minmay_misc_feat_iff
Temple:   hc_temple_tempest_star
Lair:1:   serial_bayou_shore_b
Lair:3:   minmay_shoals_entry_lonely_mermaid, serial_bayou_shore_b,
          grunt_megastairs_2
Lair:4:   spider_nest_entry_web_field, wad_woods_03, infiniplex_staircase_pool,
          serial_bayou_shore_a, uniq_nessos
Lair:5:   minmay_lair_venomous_thicket, nicolae_slime_entry_slimehenge,
          special_room, enter_volcano_2
Lair:6:   hangedman_lair_tendril_chambers, portal_ice_cave_entry_pillars_2,
          disabler_island
Spider:1: uniq_nikola
Spider:2: spiders_nest_scorpion_pit, guppyfry_spider_mini_1
Spider:3: uniq_roxanne
Spider:4: spider_rune_water, hangedman_spider_mandibles
Orc:1:    serial_shops, shop
Orc:2:    grunt_orc_cross, uniq_maurice, uniq_donald
Lab:      labyrinth_watery, nicolae_lab_grate_2, lab_block,
          nicolae_lab_starburst
Bailey:   bailey_polearm_5, bailey
